 Dungeon Crawl Stone Soup version 0.15.2 (webtiles) character file.

1151 4tharraofdagon the Skirmisher (level 8, -3/65 HPs)
             Began as a Human Warper on Dec 28, 2014.
             Was an Initiate of Ashenzari.
             Killed from afar by an orc wizard (7 damage)
             ... with a magic dart
             ... on Level 5 of the Dungeon.
             The game lasted 00:53:29 (6622 turns).

4tharraofdagon the Skirmisher (Human Warper)        Turns: 6622, Time: 00:53:30

HP  -3/65        AC 10     Str 13      XL: 8   Next: 65%
MP  13/13        EV  8     Int 15      God: Ashenzari [......]
Gold 51          SH  0     Dex 12      Spells:  3 memorised,  7 levels left

rFire  x . .     SeeInvis .     D - +0 long sword
rCold  + + .     Clarity  .     C - +0 ice dragon armour
rNeg   . . .     rCorr    .     (no shield)
rPois  .         rRot     .     (no helmet)
rElec  .         Spirit   .     (no cloak)
SustAb .         Warding  .     (no gloves)
rMut   .         Stasis   .     (no boots)
Gourm  .                        (no amulet)
MR     .....                    (no ring)
                                h - ring of stealth

@: very slightly contaminated, not resistant to hostile enchantments, very
unstealthy
A: no striking features
a: Renounce Religion


You were on level 5 of the Dungeon.
You worshipped Ashenzari.
Ashenzari was noncommittal.
You were not hungry.

You visited 2 branches of the dungeon, and saw 8 of its levels.

You collected 174 gold pieces.
You spent 123 gold pieces at shops.

Inventory:

Hand weapons
 a - a +0 spear
 i - a +0 short sword
 m - a +0 trident
 t - a +0 cutlass
 D - a +0 long sword (weapon)
 F - a +0 blowgun
Missiles
 u - 2 tomahawks (quivered)
 y - a javelin
 G - 17 poisoned needles
Armour
 b - a +0 leather armour
 l - a +0 scale mail
 p - a +2 scale mail of fire resistance
 C - a +0 ice dragon armour (worn)
Magical devices
 v - a wand of teleportation (8)
 B - a wand of digging (12)
Comestibles
 f - 4 bread rations
 k - 2 rotting chunks of iguana flesh
 w - a slice of pizza
 z - a meat ration
Scrolls
 e - a scroll of amnesia
 g - 3 scrolls of remove curse
 H - a scroll of curse armour
 I - 2 scrolls of curse jewellery
Jewellery
 h - a ring of stealth (left hand)
Potions
 j - 2 potions of heal wounds {unknown}
 n - a potion of brilliance
 q - 3 potions of restore abilities {unknown}
 s - a potion of magic
 x - a potion of poison {unknown}
 A - a potion of curing
 E - a potion of cancellation {unknown}
Books
 c - a book of Spatial Translocations

   Spells                             Type                      Level
   *Apportation                       Translocation                1
   *Blink                             Translocation                2
   Shroud of Golubria                 Charms/Translocation         2
   Portal Projectile                  Translocation                3
   Teleport Other                     Translocation                3
   Passage of Golubria                Translocation                4
 o - a book of Necromancy

   Spells                             Type                      Level
   Pain                               Necromancy                   1
   *Animate Skeleton                  Necromancy                   1
   Vampiric Draining                  Necromancy                   3
   Regeneration                       Charms/Necromancy            3
   Animate Dead                       Necromancy                   4
   Control Undead                     Necromancy                   4
 r - a book of Cantrips

   Spells                             Type                      Level
   Corona                             Hexes                        1
   *Animate Skeleton                  Necromancy                   1
   Summon Small Mammal                Summoning                    1
   *Apportation                       Translocation                1


   Skills:
 - Level 6.4 Fighting
 * Level 2.8 Long Blades
 - Level 3.2 Polearms
 - Level 1.0 Throwing
 - Level 3.4 Armour
 - Level 3.4 Dodging
 - Level 2.0 Spellcasting
 - Level 4.0 Necromancy
 - Level 3.0 Translocations


You had 7 spell levels left.
You knew the following spells:

 Your Spells              Type           Power        Failure   Level  Hunger
a - Apportation           Tloc           ##........   34%         1    #......
b - Animate Skeleton      Necr           N/A          24%         1    #......
c - Blink                 Tloc           N/A          54%         2    ###....


Dungeon Overview and Level Annotations

Branches:
Dungeon (7/15)             Temple (1/1) D:5

Altars:
Ashenzari
Cheibriados
Dithmenos
Elyvilon
Kikubaaqudgha
Makhleb
Nemelex Xobeh
Qazlal
Sif Muna
Trog
Xom
Yredelemnul
Zin
The Shining One

Shops:
D:4 ![((


Message History

The orc wizard hits you but does no damage.
Unknown command.
Drink which item? (? for menu, Esc to quit)
Okay, then.
The orc priest shouts! x2
The orc wizard points at you and mumbles some strange words.
The magic dart hits you!
The orc priest mumbles some strange prayers to Beogh against you.
Something smites you!
* * * LOW HITPOINT WARNING * * *
There is an open door here.
Unknown command.
Read which item? (? for menu, Esc to quit)
Blink to where?
Press: ? - help, Dir - move target cursor
As you read the scroll of blinking, it crumbles to dust.
You are very lightly contaminated with residual magic.
The orc wizard points at you and mumbles some strange words.
The magic dart hits you!
You die...

########### #.........#
#.#.#)#.#.## #..........#
#.#.##ยง##.## #...#.oo#..#
#.#.'.o.'.## #####
###..O#...#..# ....#
####@..#.##'##o###
....#########..............o.#
....'..Y..........>#.#(#.#.#.#
....#########.####'####.###..#
....# #.# #.# #.....##
....#########.####.####.#####
....'......##...........#
....#.......######..#####
#####.......##........#


You could see an ogre and 2 orc wizards.

Vanquished Creatures
  Eustachio (D:4)
  4 slaves
  A centaur (D:5)
  3 giant frogs (D:6)
  A scorpion (D:6)
  A crimson imp (D:4)
  3 hounds
  A giant frog skeleton (D:5)
  5 iguanas
  5 worker ants
  An ogre zombie (D:6)
  2 ogre skeletons
  A worker ant zombie (D:5)
  11 adders
  A shadow imp (D:5)
  2 worms
  2 orc zombies
  5 giant geckos
  16 orcs
  A ball python (D:3)
  6 giant cockroaches
  5 goblins
  8 hobgoblins
  11 jackals
  6 kobolds
  4 oozes
  A quokka (D:7)
  11 bats
  5 giant newts
  9 rats
  A rat skeleton (D:3)
134 creatures vanquished.

Vanquished Creatures (collateral kills)
  A hound (D:6)
  A rat (D:6)
2 creatures vanquished.

Vanquished Creatures (others)
  An iguana skeleton (D:6)
  A fungus (D:4)
2 creatures vanquished.

Grand Total: 138 creatures vanquished

Notes
Turn   | Place    | Note
--------------------------------------------------------------
     0 | D:1      | 4tharraofdagon, the Human Warper, began the quest for the Orb.
     0 | D:1      | Reached XP level 1. HP: 16/16 MP: 3/3
   149 | D:1      | Reached XP level 2. HP: 11/22 MP: 4/4
   197 | D:1      | HP: 1/22 [hobgoblin (5)]
   475 | D:1      | Reached XP level 3. HP: 22/27 MP: 6/6
   738 | D:4      | Noticed a scorpion
   812 | D:3      | HP: 1/28 [poisoned by an adder]
  1024 | D:3      | Found a white marble altar of Elyvilon.
  1059 | D:3      | Reached XP level 4. HP: 34/34 MP: 7/7
  1161 | D:3      | Learned a level 1 spell: Animate Skeleton
  1508 | D:4      | Found Phopiwk's Antique Weapon Shoppe.
  1511 | D:4      | hmmm
  1536 | D:4      | Found Shridile's Antique Weapon Shoppe.
  1537 | D:4      | Found Ovaobb's Armour Emporium.
  1561 | D:4      | Reached XP level 5. HP: 9/39 MP: 9/9
  1754 | D:4      | Noticed Eustachio
  1851 | D:4      | Noticed a scorpion
  1998 | D:4      | Reached skill level 1 in Necromancy
  2099 | D:4      | Found Fraem's Distillery.
  2104 | D:4      | Bought 2 potions of might for 65 gold pieces
  2104 | D:4      | Bought a potion of agility for 32 gold pieces
  2105 | D:4      | now
  2115 | D:5      | Entered Level 5 of the Dungeon
  2132 | D:4      | Killed Eustachio
  2132 | D:4      | Reached XP level 6. HP: 26/47 MP: 10/10
  2179 | D:4      | Bought a potion of curing for 26 gold pieces
  2656 | D:4      | Found an ancient bone altar of Kikubaaqudgha.
  2707 | D:4      | Reached XP level 7. HP: 32/52 MP: 12/12
  3196 | D:4      | Noticed a slave
  3196 | D:4      | Noticed a slave
  3197 | D:4      | Noticed a slave
  3199 | D:4      | Noticed a slave
  3363 | D:5      | Reached skill level 4 in Necromancy
  3952 | D:5      | Noticed a phantom
  3960 | D:5      | Noticed a sky beast
  4030 | D:5      | Noticed an ogre
  4213 | D:6      | Reached skill level 5 in Fighting
  4280 | D:6      | Reached XP level 8. HP: 54/63 MP: 13/13
  4648 | D:6      | Learned a level 2 spell: Blink
  4761 | D:3      | Killed a slave
  4940 | D:3      | Killed a slave
  5072 | D:3      | Killed a slave
  5181 | D:4      | Killed a slave
  5289 | D:4      | Reached skill level 6 in Fighting
  5399 | D:4      | Found a deep blue altar of Sif Muna.
  5430 | D:4      | ...
  5485 | D:5      | Noticed a centaur
  5728 | D:5      | Found a staircase to the Ecumenical Temple.
  5732 | D:5      | Noticed a sky beast
  5735 | D:5      | Noticed a phantom
  5739 | Temple   | Entered the Ecumenical Temple
  5766 | Temple   | Became a worshipper of Ashenzari the Shackled
  5825 | D:5      | Killed a centaur
  5996 | D:6      | yap
  6204 | D:6      | Reached skill level 1 in Long Blades
  6621 | D:5      | HP: 3/65 [orc priest/divine providence (11)]
  6622 | D:5      | Killed from afar by an orc wizard

Action                   |  1- 3 |  4- 6 |  7- 9 || total
-------------------------+-------+-------+-------++-------
Melee: Spear             |   136 |   261 |       ||   397
       Trident           |       |     6 |   410 ||   416
       Long sword        |       |       |    80 ||    80
Throw: Tomahawk          |     5 |       |    13 ||    18
       Javelin           |       |    15 |    13 ||    28
 Cast: Animate Skeleton  |       |       |     1 ||     1
Evoke: Wand              |       |     1 |     5 ||     6
  Use: Scroll            |     2 |     2 |     7 ||    11
       Potion            |       |     2 |     3 ||     5
 Stab: Sleeping          |     2 |       |       ||     2
       Distracted        |       |     1 |     1 ||     2
  Eat: Fruit             |     1 |       |       ||     1
       Chunk             |       |     5 |     4 ||     9
       Bread ration      |       |     1 |     1 ||     2
       Pizza             |       |       |     1 ||     1
       Beef jerky        |       |       |     1 ||     1
